 Dungeon Crawl Stone Soup version 0.28-a0-8-g6e044cfa68 (webtiles) character file.

Game seed: 14298304462856770123

0 Sapher the Magician (level 1, 15/15 HPs)
             Began as a Djinni Fire Elementalist on July 24, 2021.
             Quit the game on level 1 of the Dungeon.
             The game lasted 00:00:27 (42 turns).

Sapher the Magician (Djinni Fire Elementalist)        Turns: 42, Time: 00:00:28

Health: 15/15      AC:  2    Str:  7    XL:     1   Next: 0%
Gold:   11         EV: 12    Int: 16    God:
                   SH:  0    Dex: 13

rFire   + + .      SeeInvis .   (no weapon)
rCold   x . .      Faith    .   (no shield)
rNeg    . . .      Spirit   .   a - +0 robe
rPois   ∞          Reflect  .   (no helmet)
rElec   .          Harm     .   (no cloak)
rCorr   .          Rampage  .   (no gloves)
Will    .....                   (boots unavailable)
Stlth   ++........              (no amulet)
HPRegen 0.05/turn               (no ring)
MPRegen 0.00/turn               (no ring)

@: flying
A: sickness immunity, fire resistance 2, cold vulnerability 1, float, innate
caster, hp casting, extra vitality 1
a: no special abilities


You were on level 1 of the Dungeon.
You visited 1 branch of the dungeon, and saw 1 of its levels.

You collected 11 gold pieces.

Inventory:

Armour
 a - a +0 robe (worn)


   Skills:
 + Level 0.0 Fighting
 - Level 2.1 Dodging
 - Level 1.5 Stealth
 * Level 2.4 Spellcasting


You couldn't memorise any spells.
You knew the following spells:

 Your Spells              Type           Power      Damage    Failure   Level
a - Foxfire               Conj/Fire      36%        2x1d5     8%          1
b - Inner Flame           Hex/Fire       9%         N/A       22%         3
c - Sticky Flame          Conj/Fire      9%         2d3       58%         4
e - Fireball              Conj/Fire      4%         3d4       90%         5
j - Conjure Flame         Conj/Fire      9%         6-21      22%         3
Your spell library was empty.

Dungeon Overview and Level Annotations

Branches:
Dungeon (1/15)

Altars:


Innate Abilities, Weirdness & Mutations

You are immune to sickness and miasma.
You are immune to poison.
Your flesh is very heat resistant. (rF++)
You are vulnerable to cold. (rC-)
You float through the air rather than walking.
You learn spells naturally, not from books.
Your magical power is your life essence.
You have superior vitality. (+4 HP)


Message History

Welcome, Sapher the Djinni Fire Elementalist.
Will you be the one to retrieve the fabulous Orb of Zot from the depths?
Press ? for a list of commands and other information.
Found 20 gold pieces.
Found a staircase leading out of the dungeon.
You begin with the following spells memorised: Foxfire, Conjure Flame, Inner Flame, Sticky Flame, Fireball.
Don't forget about skills You now have 11 gold pieces.
Found a whip.
You reach down and open the door.
Cast which spell? (? or * to list)
You conjure some foxfire!
Casting: Foxfire (safe; 8% risk of failure)
Press: ? - help, Q - select action Dir - look around, f - activate
Okay, then.
You take 1 damage, and have 14/15 hp.
Your foxfire dissipates!
You reach down and open the large door.
There is a large open door here.
Are you sure you want to abandon this character and quit the game? (Confirm with "yes".)

#.# #..#.# #..#.#
#..#.# #..#.#
#..#.# #..#.#
#..#.########
#..@........#
#.##.######.# #
...#......♣♣♣♣♣
#####.####♣♣...♣♣
#.#.# ♣♣.....♣♣
####'#.# ♣.......♣
#......###♣.......♣
#.......#....♣.♣..♣
#.............⌠...♣


There were no monsters in sight!

Vanquished Creatures (others)
  A foxfire (D:1)
1 creature vanquished.

Notes
Turn   | Place    | Note
-------+----------+-------------------------------------------
     0 | D:1      | Sapher the Djinni Fire Elementalist began the quest for the
                  | Orb.
     0 | D:1      | Reached XP level 1. HP: 15/15 MP: 0/0
    42 | D:1      | Quit the game

Illustrated notes

Levels and vault maps discovered:
D:1:      amcnicky_arrival_underground_garden, layout_basic

Action                   || total
-------------------------++-------
 Cast: Foxfire           ||     1

Table legend: (Time is in decaauts)
 A = Elapsed time spent in this place.
 B = Non-inter-level travel time spent in this place.
 C = Inter-level travel time spent in this place.
 D = Time resting spent in this place.
 E = Time spent auto-exploring this place.
 F = Levels seen in this place.
 G = Mean time per level.
                   A        B        C        D        E       F      G
               +--------+--------+--------+--------+--------+-----+--------+
         Total |     42 |     42 |      0 |      0 |      0 |   1 |   42.0 |
       Dungeon |     42 |     42 |      0 |      0 |      0 |   1 |   42.0 |
               +--------+--------+--------+--------+--------+-----+--------+

Top non-repeatable levels by time:
     D:1: 42 daAuts
